 Dungeon Crawl Stone Soup version 0.20.1-1-g8b1a95d (webtiles) character file.

762488 Lamp the Conqueror (level 27, -2/249 HPs)
             Began as a Demonspawn Fighter on Oct 29, 2017.
             Was the Champion of Okawaru.
             Drowned by a water elemental (5 damage)
             ... in the Vestibule of Hell on Oct 30, 2017.
             The game lasted 04:03:06 (77436 turns).

Lamp the Conqueror (Demonspawn Fighter)            Turns: 77436, Time: 04:03:07

Health: -2/249     AC: 36    Str: 32    XL:     27
Magic:  0/23       EV: 28    Int: 27    God:    Okawaru [******]
Gold:   5411       SH: 36    Dex: 20    Spells: 30/38 levels left

rFire    + + +     SeeInvis .   a - +11 demon trident "Icishruank" {freeze, rC+ MP-9 Str+2 Dex+3}
rCold    + + +     Gourm    .   B - +8 large shield of the Orb Guardian {rElec rC+ Int-4 Slay+3}
rNeg     . . .     Faith    .   M - +9 scale mail of Ahumpulo {*Corrode rPois rF++ Regen+}
rPois    +         Spirit   +   (helmet unavailable)
rElec    +         Reflect  .   L - +2 cloak {MR+}
rCorr    .         Harm     .   F - +2 pair of gloves {Str+3}
MR       +++++                  D - +2 pair of boots {run}
Stlth    +.........             t - amulet "Ihiabb" {Spirit Fragile +Inv Str+4 Int+9}
Regen    1.0/turn               k - ring "Naerar" {MR+ Int+3 Dex+3 Slay+3}
MPRegen  0.2/turn               U - ring "Loepp" {rF+ MR+ Int+6 Dex-2}

@: heroism, engulfed (cannot breathe), very slightly contaminated, studying
Shields, drained, invisible (expiring), very slow
A: horns 3, talons 1, molten scales 3, cold resistance 1, demonic guardian 3,
foul stench 2, passive freeze, sense surroundings 1, rot immunity, freezing
cloud immunity
}: 5/15 runes: serpentine, barnacled, slimy, silver, abyssal
a: Heroism, Finesse, Renounce Religion


You were in the Vestibule of Hell.
You worshipped Okawaru.
Okawaru was exalted by your worship.
You were not hungry.

You visited 13 branches of the dungeon, and saw 57 of its levels.
You visited the Abyss 1 time.
You visited 1 bazaar.
You also visited: Sewer, Wizlab and Desolation.

You collected 9120 gold pieces.
You spent 3709 gold pieces at shops.

Inventory:

Hand Weapons
 a - the +11 demon trident "Icishruank" (weapon) {freeze, rC+ MP-9 Str+2 Dex+3}
   (You acquired it on level 6 of the Lair of Beasts)

   It has been specially enchanted to freeze those struck by it, causing extra
   injury to most foes and up to half again as much damage against particularly
   susceptible opponents.
   It can also slow down cold-blooded creatures.
   It affects your strength (+2).
   It affects your dexterity (+3).
   It protects you from cold.
   It affects your magic capacity (-9).
 b - the +8 fustibalus "Spiderbane" {venom, rF+ Str+3 Int+2 Dex-5}
   (Okawaru gifted it to you on level 4 of the Lair of Beasts)

   It poisons the ammo it fires.
   It affects your strength (+3).
   It affects your intelligence (+2).
   It affects your dexterity (-5).
   It protects you from fire.
Missiles
 R - 819 sling bullets
Armour
 B - the +8 large shield of the Orb Guardian (worn) {rElec rC+ Int-4 Slay+3}
   (You bought it in a shop on level 3 of the Vaults)

   It affects your intelligence (-4).
   It affects your accuracy and damage with ranged weapons and melee attacks
   (+3).
   It protects you from cold.
   It insulates you from electricity.
 D - a +2 pair of boots of running (worn)
 F - a +2 pair of gloves of strength (worn)
 L - a +2 cloak of magic resistance (worn)
 M - the +9 scale mail of Ahumpulo (worn) {*Corrode rPois rF++ Regen+}
   (Okawaru gifted it to you on level 3 of the Elven Halls)

   It greatly protects you from fire.
   It protects you from poison.
   It increases your rate of regeneration.
   It may corrode you when you take damage.
Jewellery
 d - a +4 amulet of reflection
 k - the ring "Naerar" (left hand) {MR+ Int+3 Dex+3 Slay+3}
   (You found it on level 3 of the Realm of Zot)

   [ring of intelligence]

   It affects your intelligence (+3).
   It affects your dexterity (+3).
   It affects your accuracy and damage with ranged weapons and melee attacks
   (+3).
   It affects your resistance to hostile enchantments.
 t - the amulet "Ihiabb" (around neck) {Spirit Fragile +Inv Str+4 Int+9}
   (You found it on level 3 of the Depths)

   [amulet of guardian spirit]

   It causes incoming damage to be split between your health and magic.
   It affects your strength (+4).
   It affects your intelligence (+9).
   It lets you turn invisible.
   It will be destroyed if unequipped.
 U - the ring "Loepp" (right hand) {rF+ MR+ Int+6 Dex-2}
   (You bought it in a shop in a bazaar)

   [ring of protection from fire]

   It affects your intelligence (+6).
   It affects your dexterity (-2).
   It protects you from fire.
   It affects your resistance to hostile enchantments.
Wands
 X - a wand of digging (17/24)
Scrolls
 e - 2 scrolls of silence
 g - 13 scrolls of fear
 l - a scroll of torment
 n - 2 scrolls of holy word
 o - 19 scrolls of identify
 s - a scroll of recharging
 w - 12 scrolls of teleportation
 x - 8 scrolls of fog
 y - 24 scrolls of remove curse
 C - 2 scrolls of blinking
 G - 7 scrolls of immolation
 H - 6 scrolls of magic mapping
 K - 2 scrolls of summoning
 Y - a scroll of vulnerability
Potions
 i - a potion of resistance
 j - 3 potions of heal wounds
 m - 6 potions of haste
 r - 14 potions of flight
 u - 26 potions of curing
 v - 12 potions of mutation
 z - 7 potions of invisibility
 I - a potion of cancellation
 J - 2 potions of berserk rage
 N - 5 potions of lignification
 O - 2 potions of might
 Z - 3 potions of agility
Books
 c - Sif Muna's Almanac of Translocation
   (You found it on level 3 of the Elven Halls)

   Spells                             Type                      Level
   a - Apportation                    Translocation                1
   b - Recall                         Summoning/Translocation      3
   c - Malign Gateway                 Summoning/Translocation      7
   d - Controlled Blink               Translocation                8
 A - a book of Geomancy

   Spells                             Type                      Level
   a - Sandblast                      Earth                        1
   b - Passwall                       Transmutation/Earth          2
   c - Stone Arrow                    Conjuration/Earth            3
   d - Petrify                        Transmutation/Earth          4
   e - Lee's Rapid Deconstruction     Earth                        5
 T - a manual of Shields
Comestibles
 f - 27 bread rations
 h - 41 royal jellies
 q - 17 meat rations
 E - 30 fruits


   Skills:
 O Level 27(25.9) Fighting
   Level 1.7(6.0) Long Blades
 - Level 18.5(22.5) Polearms
 - Level 10.2(14.4) Slings
 - Level 16.7(20.7) Armour
 - Level 16.7(20.8) Dodging
 - Level 25.1(25.9) Shields
 + Level 6.1(5.4) Spellcasting
 * Level 8.6(7.9) Translocations
 - Level 8.3(7.6) Invocations


You had 30 spell levels left.
You knew the following spells:

 Your Spells              Type           Power        Failure   Level  Hunger
a - Controlled Blink      Tloc           N/A          100%        8    #######


Dungeon Overview and Level Annotations

Branches:
Dungeon (15/15)            Temple (1/1) D:7            Lair (6/6) D:10
 Shoals (4/4) Lair:3        Snake (4/4) Lair:3        Slime (5/5) Lair:5
    Orc (2/2) D:12            Elf (3/3) Orc:2        Vaults (5/5) D:14
  Crypt (3/3) Vaults:3       Tomb (0/3) Crypt:3      Depths (5/5) D:15
   Hell (1/1)                 Coc (0/7) Hell            Zot (3/5) Depths:5
    Dis: Hell:1         Geh: Hell:1         Tar: Hell:1

Altars:
Ashenzari
Cheibriados
Dithmenos
Elyvilon
Fedhas
Gozag
Hepliaklqana
Kikubaaqudgha
Makhleb
Nemelex Xobeh
Okawaru
Qazlal
Sif Muna
Trog
Uskayaw
Vehumet
Xom
Yredelemnul
Zin
The Shining One
Beogh
Jiyva

Shops:
D:4 :   Orc:2 [*(=   Elf:2 *=   Snake:4 }   Vaults:3 !*[(!   Vaults:4 =
Depths:3 [=}=   Depths:5 (

Portals:
Hell: Depths:1 Depths:2 Depths:3 Depths:4 Depths:5
Abyss: Depths:1 Depths:4
Pandemonium: Depths:1 Depths:3
Ziggurat: Depths:5
Trove: Vaults:3 (give 3 potions of resistance)

Annotations:
Lair:2 exclusion: 2 oklob plants
Hell Geryon, Murray


Innate Abilities, Weirdness & Mutations

You have a pair of large horns on your head.
You are completely covered in molten scales. (AC +4, rF+)
Your flesh is cold resistant. (rC+)
A powerful demonic guardian rushes to your aid.
You frequently emit foul miasma when damaged in melee.
A frigid envelope surrounds you and freezes all who hurt you.
You are immune to rotting.
You are immune to freezing clouds.
You have sharp toenails.
You passively map a small area around you.


Message History

The six-headed hydra skeleton is very cold.
The six-headed hydra skeleton is lightly damaged.
The six-headed hydra skeleton completely misses you.
The six-headed hydra skeleton misses you.
The six-headed hydra skeleton completely misses you.
Attack whom?
Press: ? - help, Dir - move target cursor, f - six-headed hydra skeleton
Aim: a six-headed hydra skeleton (lightly damaged)
You stick the six-headed hydra skeleton like a pincushion!!!
You freeze the six-headed hydra skeleton.
You headbutt the six-headed hydra skeleton!
The six-headed hydra skeleton is severely damaged.
* * * LOW HITPOINT WARNING * * *
Your lungs strain for air!
You block the water elemental's attack.
Attack whom?
Press: ? - help, Dir - move target cursor, f/p - six-headed hydra skeleton
Aim: a six-headed hydra skeleton (severely damaged)
Your unstable footing causes you to fumble your attack.
You die...

#≈≈≈≈≈≈≈..
#≈≈≈≈≈≈≈..,
#≈≈≈≈≈≈≈..
, ....
#≈≈≈≈≈≈≈≈.
....
#≈≈≈≈≈≈≈..
, ....
#≈≈..≈≈..≈
, ....
#≈≈.....≈≈
....
#≈≈.≈..≈≈≈
....
#@Z.≈≈.≈≈≈
....
#EZ.≈≈..≈≈
,
#E..≈≈≈.≈≈≈
....
#≈..≈≈≈..≈
....
#≈≈..≈...≈
,....
#≈≈.....≈≈
..p.
#≈≈≈...≈≈
....
#≈≈≈...≈≈≈
.... , ....


You could see 2 water elementals, an alligator skeleton and a six-headed hydra
skeleton.

Vanquished Creatures
  Dissolution (Slime:5)
  An ancient lich (Crypt:3)
  Mara (Crypt:1)
  A juggernaut (Depths:4)
  Sojobo (Depths:4)
  4 caustic shrikes
  12 large abominations
  6 golden dragons
  Nikola (Depths:1)
  A profane servitor (Abyss:3)
  3 bone dragons
  Jory (Depths:4)
  The ghost of Firecrotchwizard the Executioner, an adept MiBe of Trog (Depths:1)
  6 liches
  Jorgrun (Depths:5)
  Rupert (Lair:3)
  16 tentacled monstrosities
  Asterion (Elf:1)
  6 quicksilver dragons
  4 titans
  3 deep elf blademasters (Elf:3)
  16 acid blobs
  2 ancient champions (Crypt:2)
  The ghost of Squip the Severer, an adept HOFE of Uskayaw (WizLab)
  Polyphemus (Shoals:3)
  3 tentacled starspawn (Abyss:3)
  4 sphinxes
  Gastronok (Lair:3)
  The ghost of SoulCrusher669 the Severer, an adept HOFi of the Shining One (Snake:4)
  Ilsuiw (Shoals:4)
  A revenant (Crypt:2)
  14 storm dragons
  8 death cobs
  6 shadow dragons
  15 azure jellies
  5 nagarajas
  6 tengu reavers
  The ghost of Foxy the Black Belt, an adept DsMo of Makhleb (Snake:3)
  4 draconian monks
  15 frost giants
  4 draconian knights
  A ghost moth (Zot:2)
  4 draconian scorchers
  18 fire giants
  2 iron dragons
  A curse skull (Crypt:1)
  13 deep elf sorcerers
  A cacodemon (Hell)
  Louise (Depths:1)
  A balrug (Hell)
  An orc warlord (Vaults:4)
  17 vault wardens
  7 ghouls
  7 draconian shifters
  22 ironheart preservers
  A juggernaut zombie (Depths:3)
  2 draconian stormcallers
  4 draconian annihilators
  3 spriggan defenders
  23 stone giants
  5 war gargoyles
  22 very ugly things
  8 deep elf elementalists
  A juggernaut skeleton (Depths:3)
  2 reapers
  11 black draconians
  7 deep elf annihilators
  7 vampire knights
  5 green draconians
  An entropy weaver (Vaults:5)
  4 red draconians
  4 deep elf demonologists (Elf:3)
  22 purple draconians
  9 white draconians
  A spark wasp (Depths:2)
  8 yellow draconians
  2 eidola
  18 deep elf death magi
  16 ettins
  13 death oozes
  9 statues (WizLab)
  9 merfolk impalers
  A blizzard demon (Abyss:3)
  3 crystal guardians (Crypt:3)
  3 green deaths
  4 merfolk javelineers (Shoals:4)
  11 fire dragons
  2 quicksilver dragon zombies (Crypt:3)
  Josephine (D:10)
  7 deep elf high priests
  9 jiangshi
  A monstrous demonspawn (Depths:3)
  16 great orbs of eyes
  A hell beast (Depths:2)
  39 vault guards
  Harold (Lair:1)
  5 rakshasas
  4 hydras
  11 ice dragons
  22 yaktaur captains
  2 peacekeepers (Elf:1)
  20 naga warriors
  A servant of whispers (Desolation)
  4 spriggan air magi
  4 merfolk avatars
  15 anacondas
  3 death knights
  An alligator (shapeshifter) (Crypt:2)
  8 centaur warriors
  Erica (Lair:2)
  3 alligator snapping turtles
  30 dancing weapons
  2 merfolk aquamancers
  2 catoblepae
  7 tengu warriors
  28 ogre magi
  9 death yaks
  A satyr (Shoals:3)
  82 two-headed ogres
  3 orc high priests
  5 deep troll shamans
  5 hell hogs (Hell)
  6 vampire magi
  14 deep troll earth magi
  14 thrashing horrors (Abyss:3)
  7 naga sharpshooters (Snake:4)
  8 shock serpents
  A titan zombie (Crypt:2)
  22 deep elf knights
  3 spriggan berserkers
  3 titan skeletons
  3 sun demons
  Nergalle (Lair:2)
  Sonja (Lair:2)
  13 small abominations
  6 soul eaters
  51 skeletal warriors
  30 hell knights
  4 wretched stars (Abyss:3)
  A golden dragon zombie (Depths:3)
  26 deep trolls
  13 sea snakes
  6 shadow wraiths
  2 spatial maelstroms (Abyss:3)
  16 unseen horrors
  7 salamander mystics
  2 shadow demons (Abyss:3)
  2 flayed ghosts
  A glowing orange brain (Depths:5)
  A ghost moth zombie (Crypt:2)
  4 starcursed masses (Abyss:3)
  7 wizards
  2 storm dragon skeletons (Hell)
  17 deep elf archers
  A tengu zombie (Vaults:2)
  14 phantasmal warriors
  A lindwurm (Zot:3)
  12 naga ritualists
  16 orc knights
  23 ironbrand convokers
  Pikel (D:7)
  16 necromancers
  20 harpies
  An orb spider (shapeshifter) (Vaults:5)
  6 wolf spiders
  A stone giant zombie (Hell)
  92 deep elf magi
  A frost giant zombie (Crypt:2)
  4 shining eyes
  9 orc sorcerers
  44 ugly things
  3 oklob plants (Lair:4)
  10 mana vipers
  An anaconda skeleton (Hell)
  17 manticores
  2 fauns (Shoals:3)
  9 cyclopes
  A fire giant zombie (Crypt:3)
  A worldbinder (Abyss:3)
  15 salamanders
  10 moths of wrath
  2 wolf spider zombies
  A moth of wrath (shapeshifter) (Depths:2)
  15 elephants
  7 human skeletons (Vaults:3)
  18 vault sentinels
  8 guardian serpents
  47 black mambas
  2 apocalypse crabs (Abyss:3)
  A frost giant skeleton (Vaults:3)
  A rust devil (Depths:2)
  Maurice (D:10)
  2 fire giant skeletons
  An ice statue (Hell)
  10 merfolk sirens
  2 orange demons (Abyss:3)
  A gargoyle (D:15)
  A dire elephant zombie (Crypt:2)
  9 water nymphs
  A water nymph (shapeshifter) (Depths:4)
  A spriggan zombie (Depths:3)
  A stone giant skeleton (Crypt:3)
  4 eyes of devastation
  3 torpor snails
  15 naga magi
  10 smoke demons (Abyss:3)
  A spiny frog (shapeshifter) (Vaults:1)
  11 rime drakes
  2 dire elephant skeletons
  A rime drake (shapeshifter) (Abyss:3)
  2 kobold demonologists
  A catoblepas zombie (Crypt:2)
  15 spiny frogs
  7 komodo dragons
  13 freezing wraiths
  66 yaktaurs
  A hellion (Abyss:3)
  A human zombie (Vaults:4)
  A swamp worm zombie (Crypt:1)
  2 komodo dragons (shapeshifter)
  3 ancient zymes (Abyss:3)
  A spark wasp simulacrum (Depths:3)
  An efreet (Abyss:3)
  2 hellwings (Abyss:3)
  An anaconda simulacrum (Hell)
  A red devil (Depths:3)
  5 tengu conjurers
  4 demonic crawlers
  2 yaktaur skeletons (Vaults:3)
  3 hydra zombies
  A troll (shapeshifter) (Vaults:4)
  A polar bear (Lair:6)
  A queen bee (Lair:1)
  5 trolls
  A meliai (shapeshifter) (Elf:2)
  8 hornets
  24 merfolk
  2 jumping spiders (shapeshifter)
  11 wind drakes
  A shadow dragon simulacrum (Crypt:2)
  2 saltlings (Desolation)
  12 raiju (Abyss:3)
  A raiju (shapeshifter) (Depths:2)
  A blink frog (shapeshifter) (Depths:3)
  9 snapping turtles
  An ettin zombie (Crypt:2)
  A hydra skeleton (Crypt:3)
  A slime creature (shapeshifter) (D:12)
  4 bog bodies
  81 slime creatures
  17 blink frogs
  19 hippogriffs
  24 dream sheep
  A fire giant simulacrum (Vaults:3)
  5 air elementals
  2 spriggans (shapeshifter)
  9 shadows
  An ice dragon zombie (Crypt:3)
  3 redbacks
  4 spriggans
  An ettin skeleton (Vaults:2)
  32 flying skulls (Crypt:3)
  14 water elementals
  An alligator skeleton (Hell)
  20 wyverns
  An ice dragon skeleton (Crypt:3)
  35 yaks
  2 vampires
  2 humans (shapeshifter)
  A hog (shapeshifter) (Depths:5)
  17 wraiths
  A basilisk (shapeshifter) (Depths:1)
  7 basilisks
  A wind drake skeleton (Crypt:1)
  3 golden eyes (Abyss:3)
  A human (D:10)
  4 chaos spawn
  2 steam dragons (Shoals:3)
  3 ynoxinuls (Abyss:3)
  4 fire elementals
  A neqoxec (Abyss:3)
  4 wargs
  6 spatial vortices (Abyss:3)
  Menkaure (D:7)
  2 hungry ghosts (D:12)
  10 vampire mosquitoes
  An insubstantial wisp (Crypt:2)
  3 soldier ants
  54 nagas
  A soldier ant (shapeshifter) (Depths:3)
  An acid dragon (shapeshifter) (Depths:1)
  3 acid dragons
  8 hell hounds
  24 water moccasins
  9 porcupines
  A spiny frog zombie (Hell)
  5 floating eyes
  A hornet zombie (D:8)
  2 ice beasts
  3 deep troll skeletons
  48 orc warriors
  4 sky beasts
  3 black bears
  A spiny frog skeleton (Hell)
  A slave (D:7)
  A sky beast (shapeshifter) (Vaults:5)
  6 eyes of draining
  58 ogres
  2 phantoms
  7 necrophages
  8 wolves
  14 centaurs
  A snapping turtle skeleton (Crypt:3)
  5 boggarts
  A lindwurm skeleton (Crypt:2)
  A torpor snail zombie (Crypt:2)
  21 crocodiles
  A big kobold (D:13)
  18 bullfrogs
  A salamander zombie (Crypt:1)
  A komodo dragon zombie (Crypt:2)
  A hippogriff skeleton (Crypt:2)
  Blork the orc (D:6)
  A gnoll sergeant (D:10)
  4 earth elementals
  A water moccasin zombie (D:6)
  2 wyvern skeletons (D:11)
  42 killer bees
  5 scorpions
  14 wights
  A howler monkey (shapeshifter) (Vaults:5)
  3 howler monkeys (D:13)
  10 crimson imps
  3 quasits
  2 bullfrog zombies
  2 centaur zombies
  8 hounds
  A soldier ant zombie (Crypt:1)
  11 jellies
  33 orc priests
  An iron imp (Abyss:3)
  5 centaur skeletons
  4 bullfrog skeletons
  3 iguanas
  51 orc wizards
  8 hell rats
  Natasha (thrice) (D:3)
  4 worker ants
  A deep dwarf skeleton (Crypt:2)
  A hound skeleton (D:7)
  A howler monkey zombie (D:6)
  4 gnolls (D:10)
  A howler monkey skeleton (D:11)
  11 adders
  2 shadow imps
  An ufetubus (Abyss:3)
  4 oozes
  An adder skeleton (D:6)
  An iguana skeleton (Crypt:1)
  9 worms
  2 dart slugs (D:4)
  8 leopard geckos
  105 orcs
  4 giant cockroaches
  10 goblins
  9 hobgoblins
  16 jackals
  12 kobolds
  2 quokkas
  A ball python (D:1)
  8 bats
  4 frilled lizards
  A frilled lizard (shapeshifter) (Vaults:2)
  A jackal zombie (Crypt:2)
  8 rats
  A rat skeleton (Crypt:1)
  A crawling corpse (Elf:2)
  2 lurking horrors (Abyss:3)
  2 plants
  3 starspawn tentacles (Abyss:3)
3016 creatures vanquished.

Vanquished Creatures (collateral kills)
  the Royal Jelly (Slime:5)
  Boris (Depths:4)
  Bai Suzhen (Depths:1)
  Margery (Depths:5)
  A caustic shrike (Depths:4)
  2 golden dragons (Depths:4)
  2 tentacled monstrosities (Vaults:5)
  2 acid blobs
  A tentacled starspawn (Abyss:3)
  A sphinx (Depths:4)
  A shadow dragon (Zot:2)
  A draconian monk (Zot:1)
  4 nagarajas (Snake:4)
  3 azure jellies
  A vault warden (Vaults:1)
  A frost giant (Depths:5)
  2 draconian knights (Zot:1)
  A draconian shifter (Zot:2)
  A draconian stormcaller (Zot:1)
  An ironheart preserver (Vaults:4)
  3 stone giants
  2 vampire knights
  3 green draconians
  A red draconian (Zot:1)
  A deep elf demonologist (Vaults:5)
  2 white draconians (Zot:1)
  4 purple draconians
  2 death oozes (Depths:4)
  A fire dragon (Zot:3)
  An ice dragon (Depths:1)
  2 great orbs of eyes
  A naga warrior (Snake:3)
  2 two-headed ogres (Depths:3)
  2 dancing weapons
  A hell hog (Hell)
  A vampire mage (Depths:5)
  2 death yaks
  A deep troll earth mage (Depths:5)
  A deep troll shaman (Depths:1)
  2 skeletal warriors
  A deep elf knight (Elf:2)
  A salamander mystic (Snake:4)
  A deep troll (Depths:5)
  A naga ritualist (Snake:4)
  2 deep elf archers
  2 ironbrand convokers
  An orc knight (Vaults:2)
  A mana viper (Snake:4)
  2 necromancers
  9 ugly things
  A faun (Shoals:3)
  2 deep elf magi
  3 cyclopes
  A shining eye (Abyss:3)
  A salamander (Snake:4)
  A guardian serpent (Snake:4)
  3 black mambas
  2 naga magi
  A centaur zombie (D:11)
  2 vault sentinels
  9 yaktaurs
  A freezing wraith (Vaults:1)
  An ice devil (Hell)
  A komodo dragon (Lair:2)
  A jumping spider (Vaults:5)
  A hornet (shapeshifter) (Elf:3)
  10 slime creatures
  2 dream sheep (Lair:6)
  A wyvern (Lair:6)
  4 yaks
  A hungry ghost (Lair:1)
  8 nagas (Snake:4)
  2 small abominations (Depths:4)
  2 floating eyes (Depths:4)
  A hell hound (Hell)
  An eye of draining (Slime:3)
  3 orc warriors
  A sky beast (D:8)
  3 ogres
  A bullfrog (D:13)
  2 killer bees (Lair:1)
  A wight (D:3)
  3 orc wizards
  An orc priest (D:8)
  A naga skeleton (Crypt:2)
  3 adders (D:3)
  An ooze (Depths:4)
  6 orcs
  2 giant cockroaches
176 creatures vanquished.

Vanquished Creatures (others)
  Frederick (Depths:4)
  A deep elf master archer (Elf:3)
  A fire giant (Vaults:5)
  A stone giant (Depths:2)
  2 merfolk javelineers (Shoals:4)
  4 yaktaur captains
  A naga warrior (Snake:4)
  4 centaur warriors
  A satyr (Shoals:3)
  A dancing weapon (Crypt:3)
  A deep elf knight (Elf:2)
  2 deep elf archers
  2 ironbrand convokers
  A deep elf mage (Elf:1)
  A vault sentinel (Vaults:5)
  6 yaktaurs
  A saltling (Desolation)
  A slave (D:7)
  3 centaurs
  2 hell rats (Hell)
  An orc wizard (Orc:1)
  3 jackals (D:7)
  13 fungi
  A lurking horror (Abyss:3)
  18 plants
  9 starspawn tentacles (Abyss:3)
82 creatures vanquished.

Grand Total: 3274 creatures vanquished

Notes
Turn   | Place    | Note
-------+----------+-------------------------------------------
     0 | D:1      | Lamp the Demonspawn Fighter began the quest for the Orb.
     0 | D:1      | Reached XP level 1. HP: 18/18 MP: 1/1
     2 | D:1      | Noticed a gargoyle
     2 | D:1      | Noticed a tengu
     4 | D:1      | Noticed a vine stalker
     4 | D:1      | Noticed an ogre
     6 | D:1      | Noticed a naga
     8 | D:1      | Noticed an elf
    10 | D:1      | Noticed a human
    10 | D:1      | Noticed a spriggan
    12 | D:1      | Noticed a troll
    12 | D:1      | Noticed a formicid
    14 | D:1      | Noticed a draconian
    30 | D:1      | Noticed a demigod
    30 | D:1      | Noticed a vampire
    32 | D:1      | Noticed a merfolk
    32 | D:1      | Noticed a centaur
    34 | D:1      | Noticed a ghoul
    36 | D:1      | Noticed a felid
    36 | D:1      | Noticed a halfling
    38 | D:1      | Noticed an octopode
    38 | D:1      | Noticed a dwarf
    40 | D:1      | Noticed a minotaur
    40 | D:1      | Noticed a demonspawn
    83 | D:1      | Reached skill level 1 in Polearms
   122 | D:1      | Gained mutation: You are immune to rotting. [demonic ancestry]
   122 | D:1      | Reached XP level 2. HP: 24/24 MP: 2/2
   640 | D:2      | Gained mutation: A weak demonic guardian rushes to your aid. [demonic ancestry]
   640 | D:2      | Reached XP level 3. HP: 29/29 MP: 3/3
  1315 | D:3      | Reached XP level 4. HP: 17/35 MP: 2/4
  1539 | D:3      | Reached XP level 5. HP: 27/41 MP: 2/5
  1608 | D:3      | Noticed Natasha
  1613 | D:3      | Killed Natasha
  1655 | D:3      | Found a glowing drain.
  1655 | D:3      | Noticed Natasha
  1658 | D:3      | Killed Natasha
  1672 | D:3      | Reached skill level 5 in Polearms
  1681 | Sewer    | Entered a sewer
  2115 | Sewer    | Reached XP level 6. HP: 47/47 MP: 6/6
  2415 | D:3      | Gained mutation: You have a pair of small horns on your head. [demonic ancestry]
  2415 | D:3      | Reached XP level 7. HP: 25/52 MP: 7/7
  2639 | D:3      | Noticed Natasha
  2649 | D:3      | Killed Natasha
  2924 | D:4      | Found a white marble altar of Elyvilon.
  2941 | D:4      | Found Vidacoz's Book Shop.
  3115 | D:4      | Found a shadowy altar of Dithmenos.
  3116 | D:4      | Found an opulent altar of Gozag.
  3305 | D:5      | Entered Level 5 of the Dungeon
  3505 | D:5      | Noticed a hippogriff
  3527 | D:5      | Killed a hippogriff
  3527 | D:5      | Gained mutation: You may emit foul miasma when damaged in melee. [demonic ancestry]
  3527 | D:5      | Reached XP level 8. HP: 31/58 MP: 4/8
  4246 | D:5      | Found a shimmering altar of Xom.
  4557 | D:6      | Reached skill level 4 in Fighting
  4714 | D:6      | Found a bloodstained altar of Trog.
  4838 | D:6      | Found a blossoming altar of Fedhas.
  4879 | D:6      | Noticed Blork the orc
  4884 | D:6      | Killed Blork the orc
  4884 | D:6      | Reached skill level 5 in Fighting
  5342 | D:7      | Reached skill level 5 in Armour
  5556 | D:7      | Reached XP level 9. HP: 60/69 MP: 7/9
  5617 | D:7      | Reached skill level 6 in Fighting
  5742 | D:7      | Noticed Menkaure
  5753 | D:7      | Killed Menkaure
  5782 | D:7      | Noticed Pikel
  5796 | D:7      | Killed Pikel
  5838 | D:7      | Got an ichor-stained helmet
  5874 | D:7      | Reached skill level 7 in Fighting
  6024 | D:7      | Found a staircase to the Ecumenical Temple.
  6065 | Temple   | Entered the Ecumenical Temple
  6274 | Temple   | Became a worshipper of Warmaster Okawaru
  6427 | D:7      | Found a hide-covered altar of Uskayaw.
  6585 | D:8      | Reached skill level 5 in Invocations
  7304 | D:8      | Reached * piety under Okawaru
  7358 | D:8      | Noticed a two-headed ogre
  7363 | D:8      | Killed a two-headed ogre
  7363 | D:8      | Gained mutation: You have a pair of horns on your head. [demonic ancestry]
  7363 | D:8      | Reached XP level 10. HP: 79/79 MP: 12/16
  7571 | D:8      | Reached skill level 1 in Dodging
  7610 | D:8      | Found an ancient bone altar of Kikubaaqudgha.
  8563 | D:10     | Entered Level 10 of the Dungeon
  8585 | D:10     | Reached ** piety under Okawaru
  8599 | D:10     | Found an iron altar of Okawaru.
  8604 | D:10     | Got a crystal mace
  8619 | D:10     | Noticed Josephine
  8640 | D:10     | Killed Josephine
  8640 | D:10     | Reached skill level 8 in Fighting
  8642 | D:10     | Reached *** piety under Okawaru
  8652 | D:10     | Reached skill level 5 in Dodging
  8792 | D:10     | Gained mutation: You are partially covered in molten scales. (AC +2) [demonic ancestry]
  8792 | D:10     | Reached XP level 11. HP: 84/87 MP: 15/17
  8831 | D:10     | Reached **** piety under Okawaru
  8843 | D:10     | Noticed a deep elf mage
  8853 | D:10     | Killed a deep elf mage
  9255 | D:10     | Noticed Maurice
  9268 | D:10     | Killed Maurice
  9510 | D:10     | Found a staircase to the Lair.
  9569 | D:10     | Identified the cursed +1 mace "Gomu" {freeze, MR++} (You found it on level 10 of the Dungeon)
  9595 | D:11     | Noticed a two-headed ogre
  9611 | D:10     | Killed a two-headed ogre
  9867 | D:11     | Reached skill level 9 in Fighting
 10028 | D:11     | Reached ***** piety under Okawaru
 10311 | D:11     | Noticed a rakshasa
 10329 | D:11     | Killed a rakshasa
 10524 | D:11     | Received a gift from Okawaru
 10745 | Lair:1   | Entered Level 1 of the Lair of Beasts
 10747 | Lair:1   | Identified a scroll of acquirement
 10882 | Lair:1   | Received a gift from Okawaru
 11116 | Lair:1   | Gained mutation: You are mostly covered in molten scales. (AC +3) [demonic ancestry]
 11116 | Lair:1   | Reached XP level 12. HP: 81/97 MP: 15/18
 11584 | Lair:1   | Noticed Harold
 11605 | Lair:1   | Killed Harold
 11997 | Lair:2   | Noticed Erica
 12003 | Lair:2   | Killed Erica
 12110 | Lair:2   | Noticed Sonja
 12120 | Lair:2   | Killed Sonja
 12120 | Lair:2   | Reached skill level 10 in Polearms
 12143 | Lair:2   | Found an opulent altar of Gozag.
 12291 | Lair:2   | Noticed Nergalle
 12304 | Lair:2   | Killed Nergalle
 13461 | Lair:3   | Noticed a death yak
 13463 | Lair:3   | Noticed a death yak
 13480 | Lair:3   | Killed a death yak
 13480 | Lair:3   | Received a gift from Okawaru
 13493 | Lair:3   | Killed a death yak
 13494 | Lair:3   | Got a crude chain mail {god gift}
 13505 | Lair:3   | Identified the +1 chain mail of the Iron City of Dis {-Cast Str+5} (Okawaru gifted it to you on level 3 of the Lair of Beasts)
 13516 | Lair:3   | Noticed Rupert
 13528 | Lair:3   | Paralysed by Rupert for 3 turns
 13904 | Lair:3   | Found a staircase to the Snake Pit.
 13966 | Lair:3   | Killed Rupert
 13966 | Lair:3   | Reached XP level 13. HP: 88/103 MP: 12/19
 14022 | Lair:3   | Found a staircase to the Shoals.
 14045 | Lair:3   | Noticed Gastronok
 14058 | Lair:3   | Killed Gastronok
 15570 | Lair:4   | Received a gift from Okawaru
 15583 | Lair:4   | Got a slimy fustibalus {god gift}
 15862 | Lair:4   | Identified the +8 fustibalus "Spiderbane" {venom, rF+ Str+3 Int+2 Dex-5} (Okawaru gifted it to you on level 4 of the Lair of Beasts)
 16284 | D:12     | Reached skill level 1 in Slings
 16862 | D:12     | Found a staircase to the Orcish Mines.
 17231 | D:13     | Found a shadowy altar of Dithmenos.
 17248 | D:13     | Received a gift from Okawaru
 17249 | D:13     | Got a steaming buckler {god gift}
 17253 | D:13     | Identified the +0 buckler of Polish {rF+ rCorr} (Okawaru gifted it to you on level 13 of the Dungeon)
 17337 | D:13     | Reached skill level 15 in Polearms
 17487 | D:13     | Reached XP level 14. HP: 86/109 MP: 14/20
 18268 | D:14     | Reached skill level 5 in Slings
 18710 | D:14     | Found a frozen archway.
 18895 | D:14     | Found a gate to the Vaults.
 19329 | D:15     | Entered Level 15 of the Dungeon
 20473 | Lair:5   | Found a staircase to the Slime Pits.
 20771 | Lair:5   | Got a brightly glowing bronze ring
 20772 | Lair:5   | Identified the ring "Rekerph" {rN+ Stlth+} (You found it on level 5 of the Lair of Beasts)
 21470 | Lair:5   | Reached skill level 10 in Fighting
 21561 | Lair:6   | Entered Level 6 of the Lair of Beasts
 21620 | Lair:6   | Received a gift from Okawaru
 22234 | Lair:6   | Reached skill level 10 in Slings
 22234 | Lair:6   | Gained mutation: You have a pair of large horns on your head. [demonic ancestry]
 22234 | Lair:6   | Reached XP level 15. HP: 53/116 MP: 8/21
 22584 | Lair:6   | Received a gift from Okawaru
 23427 | Lair:6   | Reached skill level 10 in Armour
 23649 | Lair:6   | Received a gift from Okawaru
 24025 | Lair:6   | Got a sapphire demon trident
 24026 | Lair:6   | Identified the +11 demon trident "Icishruank" {freeze, rC+ MP-9 Str+2 Dex+3} (You acquired it on level 6 of the Lair of Beasts)
 25058 | D:15     | Received a gift from Okawaru
 25062 | D:15     | Found a staircase to the Depths.
 25566 | D:15     | Reached skill level 5 in Shields
 26061 | D:15     | Reached skill level 11 in Fighting
 26730 | Snake:1  | Entered Level 1 of the Snake Pit
 26742 | Snake:1  | Reached skill level 10 in Dodging
 26746 | Snake:1  | Received a gift from Okawaru
 26861 | Snake:1  | Got an encrusted buckler {god gift}
 26872 | Snake:1  | Identified the +0 buckler of Baldness {rPois Regen+ rCorr Slay-3} (Okawaru gifted it to you on level 1 of the Snake Pit)
 27682 | Snake:1  | Gained mutation: A demonic guardian rushes to your aid. [demonic ancestry]
 27682 | Snake:1  | Reached XP level 16. HP: 127/127 MP: 13/22
 27693 | Snake:1  | Reached skill level 12 in Fighting
 28989 | Snake:3  | Noticed Foxy's ghost (adept DsMo)
 29011 | Snake:3  | Killed Foxy's ghost
 29011 | Snake:3  | Reached ****** piety under Okawaru
 29066 | Snake:3  | Received a gift from Okawaru
 29298 | Snake:3  | Received a gift from Okawaru
 29562 | Snake:3  | Received a gift from Okawaru
 29767 | Snake:3  | Got a slimy mace {god gift}
 29774 | Snake:3  | Found an iron altar of Okawaru.
 30016 | Snake:4  | Entered Level 4 of the Snake Pit
 30083 | Snake:4  | Reached skill level 13 in Fighting
 30375 | Snake:4  | Received a gift from Okawaru
 30673 | Snake:4  | Received a gift from Okawaru
 30872 | Snake:4  | Received a gift from Okawaru
 31022 | Snake:4  | Noticed SoulCrusher669's ghost (adept HOFi)
 31025 | Snake:4  | Received a gift from Okawaru
 31055 | Snake:4  | Killed SoulCrusher669's ghost
 31055 | Snake:4  | Received a gift from Okawaru
 31055 | Snake:4  | Reached XP level 17. HP: 132/137 MP: 14/23
 31540 | Snake:4  | Received a gift from Okawaru
 31775 | Snake:4  | Reached skill level 14 in Fighting
 32092 | Snake:4  | Found Rutiala's Gadget Shoppe.
 32802 | Snake:4  | Received a gift from Okawaru
 33030 | Snake:4  | Got a serpentine rune of Zot
 33391 | Vaults:1 | Entered Level 1 of the Vaults
 33947 | Vaults:1 | Reached skill level 15 in Fighting
 34034 | Vaults:1 | Reached XP level 18. HP: 122/149 MP: 11/24
 34547 | Vaults:1 | Received a gift from Okawaru
 34578 | Vaults:1 | Received a gift from Okawaru
 35346 | Vaults:1 | Reached skill level 16 in Fighting
 35871 | Orc:1    | Entered Level 1 of the Orcish Mines
 36751 | Orc:2    | Entered Level 2 of the Orcish Mines
 36769 | Orc:2    | Found a staircase to the Elven Halls.
 36975 | Orc:2    | Found Awaonyp's Antique Armour Shoppe.
 37244 | Orc:1    | Received a gift from Okawaru
 37465 | Orc:2    | Found Ymoetyv's Assorted Antiques.
 37465 | Orc:2    | Found Taso's Jewellery Shop.
 37465 | Orc:2    | Found Cibletra's Armour Shop.
 37469 | Orc:2    | Found Archar's Antique Weapon Boutique.
 37503 | Orc:2    | Bought a scroll of teleportation for 96 gold pieces
 37503 | Orc:2    | Bought an encrusted chain mail for 304 gold pieces
 37503 | Orc:2    | Bought a potion of might for 128 gold pieces
 37513 | Orc:2    | Identified the +1 chain mail "Qakiqoex" {Int+3 Dex+3} (You bought it in a shop on level 2 of the Orcish Mines)
 37623 | Orc:2    | Found a roughly hewn altar of Beogh.
 38120 | Vaults:2 | Received a gift from Okawaru
 38530 | Vaults:2 | Gained mutation: You are completely covered in molten scales. (AC +4, rF+) [demonic ancestry]
 38530 | Vaults:2 | Reached XP level 19. HP: 151/159 MP: 14/25
 38749 | Vaults:2 | Reached skill level 17 in Fighting
 38827 | Vaults:2 | Received a gift from Okawaru
 38954 | Vaults:2 | Received a gift from Okawaru
 39292 | Vaults:2 | Received a gift from Okawaru
 40208 | Vaults:2 | Reached skill level 18 in Fighting
 40653 | Vaults:2 | Received a gift from Okawaru
 41261 | Vaults:3 | Found Mytsea's Armour Shoppe.
 41270 | Vaults:3 | Found Ygamip's General Store.
 41276 | Vaults:3 | Bought the +8 large shield of the Orb Guardian {rElec rC+ Int-4 Slay+3} for 906 gold pieces
 41304 | Vaults:3 | Found Duleynki's Distillery.
 41312 | Vaults:3 | Bought a potion of curing for 42 gold pieces
 41312 | Vaults:3 | Bought 2 potions of curing for 84 gold pieces
 41312 | Vaults:3 | Bought a potion of curing for 42 gold pieces
 41312 | Vaults:3 | Bought a potion of magic for 112 gold pieces
 41312 | Vaults:3 | Bought a potion of curing for 42 gold pieces
 41312 | Vaults:3 | Bought a potion of might for 56 gold pieces
 41466 | Vaults:3 | Received a gift from Okawaru
 41534 | Vaults:3 | Found a staircase to the Crypt.
 41614 | Vaults:3 | Reached XP level 20. HP: 166/171 MP: 14/26
 41671 | Vaults:3 | Found a portal to a secret trove of treasure.
 41820 | Vaults:3 | Found Zucwuobe's Antique Weapon Shoppe.
 41850 | Vaults:3 | Found Kisiar's Distillery.
 41857 | Vaults:3 | Bought a potion of heal wounds for 85 gold pieces
 41857 | Vaults:3 | Bought a potion of agility for 68 gold pieces
 41857 | Vaults:3 | Bought a potion of might for 68 gold pieces
 41857 | Vaults:3 | Bought 2 potions of agility for 136 gold pieces
 42453 | Vaults:3 | Got a bloodstained scimitar {distort}
 42937 | Vaults:4 | Reached skill level 10 in Shields
 43012 | Vaults:4 | Received a gift from Okawaru
 44243 | Vaults:4 | Received a gift from Okawaru
 44316 | Vaults:4 | Gained mutation: Your flesh is cold resistant. (rC+) [demonic ancestry]
 44316 | Vaults:4 | Reached XP level 21. HP: 161/177 MP: 15/27
 44367 | Vaults:4 | Found Uxymadi's Jewellery Shop.
 45186 | Shoals:1 | Entered Level 1 of the Shoals
 45431 | Shoals:1 | Got a dazzling arbalest
 46740 | Shoals:3 | Noticed Polyphemus
 46818 | Shoals:3 | Found a flickering gateway to a bazaar.
 46833 | Bazaar   | Entered a bazaar
 46850 | Bazaar   | Found Othreheip's Jewellery Emporium.
 46850 | Bazaar   | Found Mifuas's Gadget Shoppe.
 46860 | Bazaar   | Bought a +4 amulet of reflection for 378 gold pieces
 46860 | Bazaar   | Bought the ring "Loepp" {rF+ MR+ Int+6 Dex-2} for 644 gold pieces
 46875 | Bazaar   | Found Okeitrodog's Antique Weapon Emporium.
 46890 | Bazaar   | Found Xiofra Qohas's Jewellery Emporium.
 46890 | Bazaar   | Found Qolobar's Book Shoppe.
 46911 | Bazaar   | Found Daiclito's Armour Emporium.
 46911 | Bazaar   | Found Libudd's Weapon Shoppe.
 47036 | Shoals:3 | Killed Polyphemus
 47204 | Shoals:3 | Reached skill level 15 in Shields
 47904 | Shoals:4 | Entered Level 4 of the Shoals
 48091 | Shoals:4 | Received a gift from Okawaru
 48092 | Shoals:4 | Got a steaming scale mail {god gift}
 48093 | Shoals:4 | Identified the +3 scale mail of Bathrarphuy {+Inv rF+ rCorr Dex+4} (Okawaru gifted it to you on level 4 of the Shoals)
 48195 | Shoals:4 | Noticed Ilsuiw
 48249 | Shoals:4 | Killed Ilsuiw
 48640 | Shoals:4 | Got a barnacled rune of Zot
 49183 | Elf:1    | Entered Level 1 of the Elven Halls
 49230 | Elf:1    | Found a ruined gateway.
 49293 | Desolati | Entered the Desolation of Salt
 49811 | Elf:1    | Noticed Asterion
 49834 | Elf:1    | Killed Asterion
 50330 | Elf:1    | Received a gift from Okawaru
 50555 | Elf:1    | Gained mutation: A powerful demonic guardian rushes to your aid. [demonic ancestry]
 50555 | Elf:1    | Reached XP level 22. HP: 166/184 MP: 19/28
 50820 | Elf:2    | Found a runed door.
 50839 | Elf:2    | Received a gift from Okawaru
 50851 | Elf:2    | Identified a +0 pair of boots of running (Okawaru gifted it to you on level 2 of the Elven Halls)
 50881 | Elf:2    | Got a crude quarterstaff
 51137 | Elf:2    | Found a huge runed gate.
 51137 | Elf:2    | Found a huge runed gate.
 51137 | Elf:2    | Found a huge runed gate.
 51196 | Elf:2    | Found Qeox's Jewellery Shoppe.
 51249 | Elf:2    | Found Maopeq's General Store.
 51962 | Elf:3    | Entered Level 3 of the Elven Halls
 52112 | Elf:3    | Received a gift from Okawaru
 52348 | Elf:3    | Got a faintly humming scale mail {god gift}
 52372 | Elf:3    | Identified the +9 scale mail of Ahumpulo {*Corrode rPois rF++ Regen+} (Okawaru gifted it to you on level 3 of the Elven Halls)
 52927 | Elf:3    | Got a scorched scale mail
 53235 | Elf:3    | Identified the cursed +0 scale mail of Beeq {rN+} (You took it off a deep elf blademaster on level 3 of the Elven Halls)
 53477 | Elf:3    | Identified Sif Muna's Disquisition on Ice and Calling
 53513 | Elf:3    | Identified Sif Muna's Almanac of Translocation
 53586 | Elf:3    | Got a bloodstained falchion {pain}
 53986 | Depths:1 | Entered Level 1 of the Depths
 54071 | Depths:1 | Gained mutation: You are immune to freezing clouds. [demonic ancestry]
 54071 | Depths:1 | Reached XP level 23. HP: 190/190 MP: 20/29
 54095 | Depths:1 | Received a gift from Okawaru
 54113 | Depths:1 | Noticed Bai Suzhen
 54123 | Depths:1 | Noticed Louise
 54129 | Depths:1 | Killed Bai Suzhen
 54129 | Depths:1 | Received a gift from Okawaru
 54140 | Depths:1 | Killed Louise
 54145 | Depths:1 | Received a gift from Okawaru
 54157 | Depths:1 | Found a one-way gate to the infinite horrors of the Abyss.
 54196 | Depths:1 | Noticed Nikola
 54210 | Depths:1 | Killed Nikola
 54218 | Depths:1 | Received a gift from Okawaru
 54301 | Depths:1 | Found a gateway to Hell.
 54376 | Depths:1 | Found a one-way gate leading to the halls of Pandemonium.
 54559 | Depths:1 | Noticed Firecrotchwizard's ghost (adept MiBe)
 54596 | Depths:1 | Killed Firecrotchwizard's ghost
 55759 | Depths:2 | Noticed a caustic shrike
 55768 | Depths:2 | Killed a caustic shrike
 56216 | Depths:2 | Received a gift from Okawaru
 56492 | Depths:3 | Paralysed by a floating eye for 3 turns
 56900 | Depths:3 | Reached XP level 24. HP: 200/200 MP: 20/29
 56931 | Depths:3 | Found Ejim's Jewellery Shoppe.
 56931 | Depths:3 | Found Iribilerghas's Gadget Shop.
 56932 | Depths:3 | Found Kuidghal's Jewellery Shoppe.
 56971 | Depths:3 | Found Healet Eche's Antique Armour Boutique.
 57107 | Depths:3 | Got a distressingly furry chain mail
 57122 | Depths:3 | Got a translucent ruby amulet
 57157 | Depths:3 | Reached skill level 19 in Fighting
 57574 | Depths:4 | Noticed Boris
 57579 | Depths:4 | Noticed Frederick
 57588 | Depths:4 | Killed Boris
 57599 | Depths:4 | Killed Frederick
 57629 | Depths:4 | Received a gift from Okawaru
 57695 | Depths:4 | Got a faintly humming animal skin {god gift}
 57937 | Depths:4 | Noticed a juggernaut
 57941 | Depths:4 | Killed a juggernaut
 58050 | Depths:4 | Noticed Jory
 58068 | Depths:4 | Killed Jory
 58104 | Depths:4 | Reached skill level 15 in Dodging
 58110 | Depths:4 | Received a gift from Okawaru
 58133 | Depths:4 | Received a gift from Okawaru
 58475 | Depths:4 | Gained mutation: You frequently emit foul miasma when damaged in melee. [demonic ancestry]
 58475 | Depths:4 | Reached XP level 25. HP: 206/210 MP: 20/29
 58482 | Depths:4 | Received a gift from Okawaru
 58504 | Depths:4 | Noticed Sojobo
 58535 | Depths:4 | Killed Sojobo
 58535 | Depths:4 | Received a gift from Okawaru
 58862 | Depths:4 | Got a translucent scarf
 58873 | Depths:4 | Identified the cursed scarf of the Hunter {-Tele rElec Str+4} (You found it on level 4 of the Depths)
 58874 | Depths:4 | Identified the +2 chain mail of Plasticity {+Fly rF+ rC+ Regen+ Str-5} (You took it off a deep elf high priest on level 3 of the Depths)
 59009 | Depths:4 | Got a transparent bone ring
 59010 | Depths:4 | Identified the ring "Tigopy" {+Fly rN+} (You found it on level 4 of the Depths)
 59011 | Depths:4 | Identified the amulet "Ihiabb" {Spirit Fragile +Inv Str+4 Int+9} (You found it on level 3 of the Depths)
 59145 | Depths:4 | Reached skill level 20 in Fighting
 59335 | Depths:4 | Reached skill level 15 in Armour
 59402 | Depths:5 | Entered Level 5 of the Depths
 59730 | Depths:5 | Found Ypriv's Antique Weapon Shoppe.
 59737 | Depths:5 | Noticed Margery
 59742 | Depths:5 | Received a gift from Okawaru
 59748 | Depths:5 | Killed Margery
 59870 | Depths:5 | Found a runed door.
 59909 | Depths:5 | Found a gate to the Realm of Zot.
 59984 | Depths:5 | Found a sparkling altar of Nemelex Xobeh.
 60050 | Depths:5 | Noticed Jorgrun
 60058 | Depths:5 | Killed Jorgrun
 60102 | Depths:5 | Received a gift from Okawaru
 60137 | Depths:5 | Found a gateway to a ziggurat.
 60975 | Slime:1  | Entered Level 1 of the Pits of Slime
 61090 | Slime:2  | Received a gift from Okawaru
 61298 | Slime:3  | Paralysed by a great orb of eyes for 7 turns
 61361 | Slime:4  | Reached skill level 21 in Fighting
 61368 | Slime:4  | Gained mutation: Scrolls take you a little longer to read. [a shining eye]
 61379 | Slime:4  | Lost mutation: Scrolls take you a little longer to read. [potion of mutation]
 61379 | Slime:4  | Gained mutation: You have sharp toenails. [potion of mutation]
 61379 | Slime:4  | Gained mutation: Your flesh is very cold resistant. (rC++) [potion of mutation]
 61386 | Slime:5  | Entered Level 5 of the Pits of Slime
 61815 | Slime:5  | Noticed Dissolution
 61822 | Slime:5  | Paralysed by a floating eye for 2 turns
 61825 | Slime:5  | Gained mutation: Scrolls take you a little longer to read. [a shining eye]
 61828 | Slime:5  | Paralysed by a floating eye for 2 turns
 61828 | Slime:5  | Gained mutation: Your body sometimes deteriorates upon taking damage. [a shining eye]
 61833 | Slime:5  | Killed Dissolution
 61863 | Slime:5  | Lost mutation: Your body sometimes deteriorates upon taking damage. [potion of mutation]
 61863 | Slime:5  | Lost mutation: Scrolls take you a little longer to read. [potion of mutation]
 61863 | Slime:5  | Lost mutation: You have sharp toenails. [potion of mutation]
 61863 | Slime:5  | Gained mutation: You have large cloven feet. [potion of mutation]
 61863 | Slime:5  | Gained mutation: You are dopey. (Int -2) [potion of mutation]
 61863 | Slime:5  | Gained mutation: Your muscles are strong. (Str +2) [potion of mutation]
 61939 | Slime:5  | Gained mutation: A frigid envelope surrounds you and freezes all who hurt you. [demonic ancestry]
 61939 | Slime:5  | Reached XP level 26. HP: 222/222 MP: 29/29
 61985 | Slime:5  | Found a viscous altar of Jiyva.
 62010 | Slime:5  | Noticed the Royal Jelly
 62024 | Slime:5  | Killed the Royal Jelly
 62062 | Slime:5  | Got a slimy rune of Zot
 62064 | Slime:5  | Got a steaming steel ring
 62065 | Slime:5  | Identified the ring "Taxodir" {rC+ Int+3 Stlth+} (You found it on level 5 of the Pits of Slime)
 62138 | Slime:5  | Identified Aziluduz's Reference Book on Damaging Lightness
 62142 | Slime:5  | Got a vibrating golden ring
 62143 | Slime:5  | Identified the ring "Gotugian" {*Drain rF+ Str+2 Stlth+} (You found it on level 5 of the Pits of Slime)
 62146 | Slime:5  | Got a steaming dagger
 62683 | Vaults:5 | Entered Level 5 of the Vaults
 62823 | Vaults:5 | Reached skill level 22 in Fighting
 62833 | Vaults:5 | Received a gift from Okawaru
 62852 | Vaults:5 | Got a scintillating glass ring
 62853 | Vaults:5 | Identified the ring of Vehumet's Envy {MR+ Str+3} (You found it on level 5 of the Vaults)
 62976 | Vaults:5 | Received a gift from Okawaru
 62977 | Vaults:5 | Got a bone hunting sling {god gift}
 63304 | Vaults:5 | Received a gift from Okawaru
 63305 | Vaults:5 | Got a brightly glowing shield {god gift}
 63306 | Vaults:5 | Identified the +2 shield of Dishonour {MR+} (Okawaru gifted it to you on level 5 of the Vaults)
 64189 | Vaults:5 | Reached skill level 23 in Fighting
 64467 | Vaults:5 | Reached XP level 27. HP: 231/235 MP: 20/29
 64561 | Vaults:5 | Lost mutation: Your muscles are strong. (Str +2) [potion of mutation]
 64561 | Vaults:5 | Lost mutation: You are dopey. (Int -2) [potion of mutation]
 64561 | Vaults:5 | Lost mutation: Your flesh is very cold resistant. (rC++) [potion of mutation]
 64561 | Vaults:5 | Lost mutation: You have large cloven feet. [potion of mutation]
 64561 | Vaults:5 | Gained mutation: You have sharp toenails. [potion of mutation]
 64561 | Vaults:5 | Gained mutation: You passively map a small area around you. [potion of mutation]
 64561 | Vaults:5 | Gained mutation: You are robust. (+10% HP) [potion of mutation]
 64712 | Vaults:5 | Got a slimy helmet
 64835 | Vaults:5 | Got a slimy trident {pierce}
 64851 | Vaults:5 | Identified the +7 trident of the Ageless Songs {pierce, MR+} (You took it off a deep elf elementalist on level 5 of the Vaults)
 64859 | Vaults:5 | Got a translucent glaive {protect}
 64869 | Vaults:5 | Got a pitted amber ring
 64872 | Vaults:5 | Identified the ring of Gael {rF+ rC+} (You took it off an orc warrior on level 5 of the Vaults)
 64874 | Vaults:5 | Got an encrusted hunting sling
 64922 | Vaults:5 | Got a jewelled giant club
 64926 | Vaults:5 | Identified the Disquisition on the Arsonist and Talismans
 64933 | Vaults:5 | Identified the Disquisition on Earthen Displacement
 64942 | Vaults:5 | Got a silver rune of Zot
 65135 | Vaults:3 | Bought the +2 scale mail "Peomufig" {rN+ Dex+7} for 518 gold pieces
 65200 | Crypt:1  | Entered Level 1 of the Crypt
 65276 | Crypt:1  | Found a magical portal.
 65279 | WizLab   | Entered Iskenderun's Mystic Tower
 65374 | WizLab   | Noticed Squip's ghost (adept HOFE)
 65402 | WizLab   | Killed Squip's ghost
 65791 | WizLab   | Received a gift from Okawaru
 66364 | WizLab   | Identified Iskenderun's Reference Book on Combat Magic
 66364 | WizLab   | Identified Iskenderun's Tome of Confrontation
 66475 | Crypt:1  | Noticed Mara
 66485 | Crypt:1  | Noticed Lamp's illusion
 66489 | Crypt:1  | Killed Mara
 66501 | Crypt:1  | Received a gift from Okawaru
 67131 | Crypt:1  | Received a gift from Okawaru
 67388 | Crypt:2  | Reached skill level 24 in Fighting
 67935 | Crypt:2  | Found a runed gate.
 67935 | Crypt:2  | Found a runed gate.
 67936 | Crypt:2  | Found a runed gate.
 68276 | Crypt:2  | Received a gift from Okawaru
 68338 | Crypt:3  | Entered Level 3 of the Crypt
 68456 | Crypt:3  | Received a gift from Okawaru
 68479 | Crypt:3  | Got a distressingly furry scale mail {god gift}
 68480 | Crypt:3  | Identified the +1 scale mail of the Realm of Zot {Int+3 Dex+4} (Okawaru gifted it to you on level 3 of the Crypt)
 68569 | Crypt:3  | Reached skill level 25 in Fighting
 68586 | Crypt:3  | Found a staircase to the Tomb.
 68686 | Crypt:3  | Noticed an ancient lich
 68688 | Crypt:3  | Found a basalt altar of Yredelemnul.
 68694 | Crypt:3  | Killed an ancient lich
 70157 | Zot:1    | Entered Level 1 of the Realm of Zot
 70485 | Zot:1    | Reached skill level 26 in Fighting
 70800 | Zot:1    | Received a gift from Okawaru
 71513 | Zot:2    | Received a gift from Okawaru
 71579 | Zot:2    | Reached skill level 27 in Fighting
 71593 | Zot:2    | Received a gift from Okawaru
 72055 | Zot:2    | Got an ichor-stained flail
 74072 | Zot:3    | Received a gift from Okawaru
 74102 | Zot:3    | Got a fine rapier
 74122 | Zot:3    | Got a warped plate armour
 74152 | Zot:3    | Identified the cursed +0 plate armour "Asavounk" {*Corrode rF+++ MR+} (You found it on level 3 of the Realm of Zot)
 74169 | Zot:3    | Got a sparkling copper ring
 74170 | Zot:3    | Identified the ring "Naerar" {MR+ Int+3 Dex+3 Slay+3} (You found it on level 3 of the Realm of Zot)
 74736 | Elf:3    | Learned a level 8 spell: Controlled Blink
 75257 | Depths:1 | Voluntarily entered the Abyss.
 75326 | Abyss:3  | Found a corrupted altar of Lugonu.
 75411 | Abyss:3  | Reached skill level 1 in Translocations
 75418 | Abyss:3  | Received a gift from Okawaru
 75418 | Abyss:3  | Reached skill level 1 in Spellcasting
 75756 | Abyss:3  | Found a snail-covered altar of Cheibriados.
 75934 | Abyss:3  | Received a gift from Okawaru
 75977 | Abyss:3  | Reached skill level 5 in Translocations
 76062 | Abyss:3  | Got an ichor-stained spear
 76063 | Abyss:3  | Identified the +6 spear "Meyzacvi" {pierce, rC+ MR+ Dex+3} (You found it on level 3 of the Abyss)
 76274 | Abyss:3  | Received a gift from Okawaru
 76281 | Abyss:3  | Got an ancient spear {god gift}
 76293 | Abyss:3  | Paralysed by a floating eye for 4 turns
 76357 | Abyss:3  | Paralysed by a floating eye for 2 turns
 76364 | Abyss:3  | Paralysed by a floating eye for 4 turns
 76441 | Abyss:3  | Found a corrupted altar of Lugonu.
 76473 | Abyss:3  | Identified the +5 spear of Magnificence {flame, +Fly SInv} (Okawaru gifted it to you on level 3 of the Abyss)
 76977 | Abyss:3  | Reached skill level 5 in Spellcasting
 76990 | Abyss:3  | Got an abyssal rune of Zot
 77164 | Depths:1 | Escaped the Abyss
 77227 | Hell     | Entered the Vestibule of Hell
 77227 | Hell     | Noticed Geryon
 77249 | Hell     | Lost mutation: You are robust. (+10% HP) [a cacodemon]
 77337 | Hell     | Noticed Murray
 77392 | Hell     | Found a gateway to the freezing wastes of Cocytus.
 77434 | Hell     | HP: 8/249 [drowned by a water elemental (6)]
 77435 | Hell     | HP: 2/249 [drowned by a water elemental (6)]
 77436 | Hell     | Drowned by a water elemental

Skill      XL: |  1  2  3  4  5  6  7  8  9 10 11 12 13 14 15 16 17 18 19 20 21 22 23 24 25 26 27 |
---------------+----------------------------------------------------------------------------------+-----
Polearms       | 1 2 3 4 5 6 8 9 12 15 17 18 | 18.5
Armour         | 5 6 7 9 10 11 12 13 14 15 16 | 16.7
Fighting       | 5 7 8 9 10 11 13 15 16 18 19 21 23 27 | 27.0
Invocations    | 8 |  8.3
Dodging        | 5 8 10 12 13 15 16 | 16.7
Slings         | 3 10 | 10.2
Shields        | 5 7 13 17 20 21 23 24 25 | 25.1
Translocations | 8 |  8.6
Spellcasting   | 6 |  6.1
Long Blades    | |  1.7

Action                   |  1- 3 |  4- 6 |  7- 9 | 10-12 | 13-15 | 16-18 | 19-21 | 22-24 | 25-27 || total
-------------------------+-------+-------+-------+-------+-------+-------+-------+-------+-------++-------
Melee: Spear             |    87 |   184 |   314 |   790 |   169 |       |       |       |       ||  1544
       Headbutt          |       |       |    59 |   199 |   270 |   309 |   342 |   411 |   963 ||  2553
       Glaive            |       |       |       |       |   712 |       |       |       |       ||   712
       Demon trident     |       |       |       |       |   210 |  1408 |  1768 |  1504 |  3157 ||  8047
 Fire: Fustibalus        |       |       |       |       |    42 |     6 |       |    36 |    12 ||    96
Invok: Heroism           |       |       |     1 |    22 |    33 |    12 |    16 |    12 |    23 ||   119
       Finesse           |       |       |       |       |       |       |     1 |       |    11 ||    12
Evoke: Wand              |       |       |       |       |       |       |       |     1 |     6 ||     7
  Use: Potion            |       |     1 |       |     6 |     6 |     4 |     5 |     5 |    19 ||    46
       Scroll            |       |       |    19 |     9 |    15 |    12 |    10 |    12 |    25 ||   102
 Stab: Distracted        |       |     2 |     2 |     5 |     6 |    14 |     8 |     8 |    10 ||    55
       Petrified         |       |       |       |       |       |       |     1 |       |       ||     1
       Sleeping          |       |       |       |       |       |       |       |       |     1 ||     1
       Invisible         |       |       |       |       |       |       |       |       |     2 ||     2
  Eat: Chunk             |     1 |     4 |    15 |    11 |    34 |    24 |    35 |    25 |    24 ||   173
       Fruit             |       |       |     1 |     1 |     1 |     1 |     1 |       |     3 ||     8
       Meat ration       |       |       |       |     2 |     2 |     2 |     1 |       |     7 ||    14
Armor: Scale mail        |    17 |    57 |    54 |     5 |       |       |    31 |   148 |   432 ||   744
       Plate armour      |       |       |       |   192 |       |       |       |       |       ||   192
       Chain mail        |       |       |       |    10 |   343 |   227 |   152 |       |       ||   732
Dodge: Dodged            |     5 |    42 |    62 |   205 |   569 |   560 |   369 |   183 |   814 ||  2809
Block: Shield            |    18 |    57 |     9 |       |       |       |       |       |       ||    84
       Buckler           |       |       |    21 |   100 |    57 |   195 |    86 |       |       ||   459
       Large shield      |       |       |       |       |       |       |  1029 |  1039 |  2853 ||  4921
       Reflection        |       |       |       |       |       |       |    67 |   175 |   108 ||   350
